Cogmind - Beta 10.1 @@@ ROGUE MODE // 2020.10.04 @ 03:04:11 Player: HOTSOUP Result: Destroyed self via exploding Fusion Modulator Performance ------------- Evolutions (3) 1500 Regions Visited (8) 1600 Robots Destroyed (76) 380 Value Destroyed (2030) 2030 Prototype IDs (6) 120 Alien Tech Used (0) 0 Bonus (427) 427 TOTAL SCORE: 6057 Bonus ------- High Alert Combat Kills 127 Aligned with FarCom 300 Cogmind --------- Core Integrity 0/700 Matter 290/300 Energy 42/100 System Corruption 20% Temperature Cool (165) Movement Core (150) Ox2 Location -7/Factory Parts ------- > --- POWER (1) -------- (None) > --- PROPULSION (2) --- (None) > --- UTILITY (8) ------ (None) > --- WEAPON (2) ------- Improved EM Pulse Cannon > --- INVENTORY (4) ---- Advanced Melee Analysis Suite Peak State ------------ > --- POWER ------------ Nuclear Core > --- PROPULSION ------- VTOL Module VTOL Module > --- UTILITY ---------- Advanced Weight Redist. System Microactuators Improved Medium Armor Plating Improved Medium Armor Plating Improved Medium Armor Plating Improved Shield Generator System Shield System Shield > --- WEAPON ----------- Heavy Hammer Longsword +1 > --- INVENTORY -------- VTOL Module Particle Charger Ion Cannon Minigun [Rating: 47] Favorites ----------- Power Light Ion Engine Engine Light Ion Engine Power Core Light Nuclear Core Propulsion Cesium-ion Thruster Flight Unit Cesium-ion Thruster Utility Microactuators Device Microactuators Storage Superbattery Processor Target Analyzer Hackware System Shield Protection Improved Medium Armor Plating Weapon Longsword +1 Energy Gun Heavy EM Shotgun Energy Cannon Cooled Particle Cannon Ballistic Gun Light Assault Rifle Launcher Advanced EMP Blaster Impact Weapon Heavy Hammer Slashing Weapon Longsword +1 Build | -11 -10 -10 -10 -9 -8 -7 -7 -7 ------- Run | Scr Mat Min Exi Min Mat Fac Was Fac Slots Evolved 6 | . . . . . 4 2 . . Power . | . . . . . . . . . Propulsion . | . . . . . . . . . Utility 6 | . . . . . 4 2 . . Weapon . | . . . . . . . . . Parts Attached 79 | 2 . 5 2 1 48 9 1 11 Power 12 | . . 1 . . 10 . . 1 Engine 6 | . . 1 . . 4 . . 1 Core 6 | . . . . . 6 . . . Reactor . | . . . . . . . . . Propulsion 17 | . . 2 . . 9 4 1 1 Treads . | . . . . . . . . . Leg . | . . . . . . . . . Wheel . | . . . . . . . . . Hover . | . . . . . . . . . Flight 17 | . . 2 . . 9 4 1 1 Utility 31 | . . . 1 1 22 5 . 2 Device 11 | . . . . 1 7 2 . 1 Storage 1 | . . . 1 . . . . . Processor 3 | . . . . . 1 1 . 1 Hackware 2 | . . . . . 2 . . . Protection 14 | . . . . . 12 2 . . Artifact . | . . . . . . . . . Weapon 19 | 2 . 2 1 . 7 . . 7 Energy Gun 4 | 2 . . . . . . . 2 Energy Cannon 4 | . . . . . . . . 4 Ballistic Gun 3 | . . 2 . . 1 . . . Ballistic Cannon . | . . . . . . . . . Launcher 2 | . . . . . 2 . . . Special Weapon . | . . . . . . . . . Impact Weapon 2 | . . . . . 2 . . . Slashing Weapon 4 | . . . 1 . 2 . . 1 Piercing Weapon . | . . . . . . . . . Special Melee Weapon . | . . . . . . . . . Unidentified Prototypes 6 | . . . 2 . 2 . . 2 Parts Lost 31 | . . . . . 11 10 . 10 Power 4 | . . . . . 2 1 . 1 Propulsion 8 | . . . . . 4 2 . 2 Utility 15 | . . . . . 4 7 . 4 Weapon 4 | . . . . . 1 . . 3 Highest Loss Streak 9 | . . . . . 8 5 . 9 Average Slot Usage (%) 69 | . 28 30 72 81 80 80 53 51 Engine 3 | . . . 14 14 4 . . . Core 2 | . . . . . 3 6 . . Flight 15 | . . 2 28 28 16 11 13 14 Device 16 | . . . . 10 22 19 7 10 Processor 3 | . . . . . 1 . 7 8 Hackware 3 | . . . . . 2 14 7 . Protection 11 | . . . . . 18 10 7 6 Energy Gun 2 | . 28 26 . . . . . 1 Ballistic Gun 1 | . . . 22 14 1 . . . Impact Weapon 1 | . . . . . . 7 7 2 Slashing Weapon 6 | . . . 5 14 10 7 1 2 Naked Turns 19 | . . . . . . . . 19 Heaviest Build 40 | 3 3 6 7 7 34 40 11 15 Greatest Support 21 | 3 3 8 8 14 19 21 12 12 Greatest Overweight (x) 4 | . . . . . 2 2 1 4 Average Overweight (x) . | . . . . . . . . . Largest Inventory Capacity 4 | 4 4 4 4 4 4 4 4 4 Average Capacity 4 | 4 4 4 4 4 4 4 4 4 Most Carried 4 | 2 2 2 4 4 4 4 4 4 Average Carried 3 | 1 2 2 3 3 3 3 3 3 Final Capacity 4 | 4 4 4 4 4 4 4 4 4 Final Carried 4 | 2 2 2 4 4 4 4 4 1 Class Distribution -------------------- 73% | Mutant 13% | Hacker-Mutant 12% | Scavenger-Mutant Dominant Class ---------------- Mutant | -10/Materials Mutant | -10/Mines Scavenger-Mutant | -10/Exiles Scavenger-Mutant | -9/Mines Mutant | -8/Materials Hacker-Mutant | -7/Factory Mutant | -7/Waste Mutant | -7/Factory Resources | -11 -10 -10 -10 -9 -8 -7 -7 -7 ----------- Run | Scr Mat Min Exi Min Mat Fac Was Fac Matter Collected 946 | 205 . 32 . 63 440 97 . 109 Remotely . | . . . . . . . . . Salvage Created 2978 | . 21 47 . 137 1716 557 . 500 Parts 152 | . . 6 . 4 104 25 . 13 Haulers Intercepted 6 | . . . . . 4 . . 2 Recyclers Shooed 4 | . . . . . 3 . . 1 Parts Field Recycled . | . . . . . . . . . Retrieved Matter . | . . . . . . . . . Parts Self-Destructed . | . . . . . . . . . Prevented . | . . . . . . . . . Kills | -11 -10 -10 -10 -9 -8 -7 -7 -7 ------- Run | Scr Mat Min Exi Min Mat Fac Was Fac Combat Hostiles Destroyed 53 | . . 3 . 3 32 13 . 2 Melee 44 | . . . . 3 26 13 . 2 Guns 3 | . . 3 . . . . . . AOE 6 | . . . . . 6 . . . Classes Destroyed 13 | . 1 1 . 1 9 1 . . Worker 3 | . . . . . 1 . . 2 Builder 3 | . . . . . 3 . . . Tunneler 1 | . . . . . 1 . . . Hauler 6 | . . . . . 4 . . 2 Recycler 4 | . . . . . 1 . . 3 Mechanic 1 | . . . . . 1 . . . Watcher 5 | . 1 . . . 3 . . 1 Swarmer 21 | . . 3 . . 13 5 . . Grunt 21 | . . . . 3 12 6 . . Brawler 1 | . . . . . 1 . . . Duelist 2 | . . . . . 1 . . 1 Sentry 6 | . . . . . 5 1 . . Programmer 2 | . . . . . . 1 . 1 Best Kill Streak 10 | . 1 3 . 2 10 7 . 4 Combat Bots Only 7 | . . 3 . 2 6 7 . 1 Max Kills in Single Turn 5 | . 1 2 . 1 5 1 . 1 Gunslinging . | . . . . . . . . . Exploded 3 | . . . . . 3 . . . Melee 1 | . . . . 1 1 1 . 1 Uniques/NPCs Destroyed . | . . . . . . . . . Combat | -11 -10 -10 -10 -9 -8 -7 -7 -7 -------- Run | Scr Mat Min Exi Min Mat Fac Was Fac Damage Taken 4362 | . . 74 . 41 1945 1306 . 996 Core 1180 | . . 30 . 23 423 351 . 353 Absorbed by Shields 64 | . . . . . . 64 . . Core Remaining (%) 67 | 100 . . . 78 23 . . . Volleys Fired 24 | 4 3 3 . . 5 . . 9 Largest 2 | 2 2 2 . . 1 . . 1 Hottest 90 | 90 90 90 . . 36 . . 90 Shots Fired 34 | 8 6 6 . . 5 . . 9 Gun 20 | 8 6 6 . . . . . . Cannon 9 | . . . . . . . . 9 Launcher 5 | . . . . . 5 . . . Special . | . . . . . . . . . Kinetic . | . . . . . . . . . Thermal 28 | 8 6 6 . . . . . 8 Explosive . | . . . . . . . . . Electromagnetic 6 | . . . . . 5 . . 1 Robot Hit Streak 6 | 5 6 3 . . 3 . . 4 Robot Miss Streak 3 | 1 3 1 . . 1 . . 2 Penetration Max . | . . . . . . . . . Secondary Targets . | . . . . . . . . . Shots Hit Robots 169 | 7 3 4 . 7 85 33 . 30 Core Hits 80 | 1 1 3 . 3 53 12 . 7 Critical Hits 4 | . . . . . 3 1 . . Critical Kills 3 | . . . . . 2 1 . . Critical Parts Destroyed 1 | . . . . . 1 . . . Melee Attacks 215 | . . . . 8 118 36 . 53 Impact 26 | . . . . . . . . 26 Slashing 189 | . . . . 8 118 36 . 27 Piercing . | . . . . . . . . . Sneak Attacks 17 | . . . . 2 8 . . 7 Combat Hostiles 1 | . . . . 1 . . . . Follow-up Attacks 5 | . . . . . 5 . . . Damage Inflicted 9092 | 84 35 46 . 556 5271 1544 . 1556 Guns 165 | 84 35 46 . . . . . . Cannons 218 | . . . . . . . . 218 Explosions 878 | . . . . . 878 . . . Melee 7808 | . . . . 556 4388 1544 . 1320 Ramming 23 | . . . . . 5 . . 18 Kinetic . | . . . . . . . . . Thermal 667 | 84 35 46 . . 284 . . 218 Explosive . | . . . . . . . . . Electromagnetic 594 | . . . . . 594 . . . Impact 415 | . . . . . . . . 415 Slashing 7393 | . . . . 556 4388 1544 . 905 Piercing . | . . . . . . . . . Highest Corruption 20 | . . . . . 8 1 1 20 Average Corruption 3 | . . . . . 3 1 1 5 Corruption Purged . | . . . . . . . . . Effects 40 | . . . . . 17 . 1 22 Message Errors 12 | . . . . . 7 . 1 4 Matter Fused 5 | . . . . . 2 . . 3 Heat Flow Errors 5 | . . . . . . . . 5 Energy Discharges 5 | . . . . . 2 . . 3 Data Loss (minor) 4 | . . . . . 2 . . 2 Data Loss (major) 1 | . . . . . . . . 1 Misdirections 1 | . . . . . . . . 1 Targeting Errors 7 | . . . . . 4 . . 3 Overload Shots 2 | . . . . . . . . 2 Overflow Damage 942 | . . . . 184 433 128 . 197 Projectiles 27 | . . . . . . . . 27 Explosions 1 | . . . . . 1 . . . Melee 914 | . . . . 184 432 128 . 170 Knockbacks 2 | . . . . . . . . 2 Impact 2 | . . . . . . . . 2 Kinetic . | . . . . . . . . . Secondary . | . . . . . . . . . Self-Inflicted Damage 131 | . . . . . 2 . . 129 Shots 1 | . . . . . . . . 1 Rammed 1 | . . . . . 1 . . . Targets Rammed 1 | . . . . . 1 . . . Kicked . | . . . . . . . . . Crushed . | . . . . . . . . . Highest Temperature 254 | 55 70 70 . . 49 . . 254 Average Temperature 59 | 28 42 42 . . 20 . . 100 Received Heat Transfer 1092 | . . 15 . 21 504 336 . 216 Siege Activations . | . . . . . . . . . Robots Corrupted . | . . . . . . . . . Combat Hostiles . | . . . . . . . . . Parts Fried 9 | . . . . . 2 . . 7 Impact Corruptions 7 | . . . . . . . . 7 Robots Melted . | . . . . . . . . . Combat Hostiles . | . . . . . . . . . Parts Melted 2 | . . 2 . . . . . . Heat Transferred 1033 | 211 87 124 . . 400 . . 211 Parts Sabotaged . | . . . . . . . . . Parts Stolen . | . . . . . . . . . Parts Stripped . | . . . . . . . . . Power Chain Reactions 4 | . . . . . 4 . . . Missiles Intercepted . | . . . . . . . . . Alert | -11 -10 -10 -10 -9 -8 -7 -7 -7 ------- Run | Scr Mat Min Exi Min Mat Fac Was Fac Peak Influence 664 | . 37 84 . 80 664 443 142 275 Initial 283 | . . 14 . . 31 283 127 85 Average 222 | . 10 22 . 32 292 327 132 142 Maximum Alert Level 2 | . . . . . 2 2 . 1 Low Security (%) 60 | 100 100 100 . 100 54 . 100 80 Level 1 20 | . . . . . 8 89 . 19 Level 2 18 | . . . . . 36 10 . . Level 3 . | . . . . . . . . . Level 4 . | . . . . . . . . . Level 5 . | . . . . . . . . . High Security . | . . . . . . . . . Max Security . | . . . . . . . . . Squads Dispatched 11 | . 1 . . . 4 2 . 4 Investigation 1 | . . . . . . . . 1 Extermination 3 | . . . . . . 1 . 2 Reinforcement 5 | . 1 . . . 2 1 . 1 Assault 2 | . . . . . 2 . . . Garrison . | . . . . . . . . . Intercept . | . . . . . . . . . Construction Impeded 1 | . . . . . 1 . . . Haulers Reinforced 1 | . . . . . . . . 1 Stealth | -11 -10 -10 -10 -9 -8 -7 -7 -7 --------- Run | Scr Mat Min Exi Min Mat Fac Was Fac Distress Signals 1 | . . . . . 1 . . . Communications Jammed . | . . . . . . . . . Distress Signals . | . . . . . . . . . Times Spotted 112 | . 2 6 . 4 70 14 5 11 Peak Tracking Total 8 | . 1 3 . 2 8 5 5 7 Tactical Retreats 15 | . . 2 . . 12 1 . . Traps | -11 -10 -10 -10 -9 -8 -7 -7 -7 ------- Run | Scr Mat Min Exi Min Mat Fac Was Fac Traps Triggered 8 | . . . . . 5 2 . 1 Indirectly . | . . . . . . . . . Trap Hack Attempts . | . . . . . . . . . Triggered . | . . . . . . . . . Disarmed . | . . . . . . . . . Reprogrammed . | . . . . . . . . . Reused . | . . . . . . . . . Traps Extracted . | . . . . . . . . . Installed . | . . . . . . . . . Triggered 1 | . . . . . 1 . . . Exploded 1 | . . . . 1 . . . . Machines | -11 -10 -10 -10 -9 -8 -7 -7 -7 ---------- Run | Scr Mat Min Exi Min Mat Fac Was Fac Machines Disabled 3 | . . . . . 1 . . 2 Max in Single Turn 1 | . . . . . 1 . . 1 Machines Sabotaged . | . . . . . . . . . Garrisons Compromised . | . . . . . . . . . Overloaded Fab Kills . | . . . . . . . . . Fab Network Shutdowns . | . . . . . . . . . Hacking | -11 -10 -10 -10 -9 -8 -7 -7 -7 --------- Run | Scr Mat Min Exi Min Mat Fac Was Fac Machines Accessed 12 | . . . . . 6 2 . 4 Terminals 9 | . . . . . 5 2 . 2 Fabricators . | . . . . . . . . . Repair Stations 2 | . . . . . 1 . . 1 Recycling Units . | . . . . . . . . . Scanalyzers 1 | . . . . . . . . 1 Garrison Access . | . . . . . . . . . Total Hacks 40 | . . . . . 16 10 . 14 Successful 23 | . . . . . 10 6 . 7 Failed 17 | . . . . . 6 4 . 7 Catastrophic 4 | . . . . . 2 1 . 1 Database Lockouts . | . . . . . . . . . Manual 29 | . . . 1 . 10 10 . 8 Terminals 29 | . . . . . 10 10 . 9 Fabricators . | . . . . . . . . . Repair Stations 8 | . . . . . 6 . . 2 Recycling Units . | . . . . . . . . . Scanalyzers 3 | . . . . . . . . 3 Garrison Access . | . . . . . . . . . Terminal Hacks 10 | . . . . . 4 4 . 2 Part Schematic 3 | . . . . . 2 1 . . Robot Analysis 1 | . . . . . 1 . . . Branch Access Points 1 | . . . . . . . . 1 Terminal Index 3 | . . . . . 1 1 . 1 Alert Level 1 | . . . . . . 1 . . Unreport Threat 1 | . . . . . . 1 . . Fabricator Hacks . | . . . . . . . . . Repair Station Hacks 5 | . . . . . 4 . . 1 Scan Component 3 | . . . . . 2 . . 1 Repair 2 | . . . . . 2 . . . Recycling Unit Hacks . | . . . . . . . . . Scanalyzer 1 | . . . . . . . . 1 Insert Component 1 | . . . . . . . . 1 Garrison Access Hacks . | . . . . . . . . . Unauthorized Hacks 7 | . . . . . 2 2 . 3 Terminals 6 | . . . . . 2 2 . 2 Assimilate 1 | . . . . . . . . 1 Botnet 5 | . . . . . 2 2 . 1 Fabricators . | . . . . . . . . . Repair Stations . | . . . . . . . . . Recycling Units . | . . . . . . . . . Scanalyzers 1 | . . . . . . . . 1 Extract 1 | . . . . . . . . 1 Garrison Access . | . . . . . . . . . Data Cores Recovered . | . . . . . . . . . Used . | . . . . . . . . . Hacking Detections 11 | . . . . . 6 1 . 4 Full Trace Events 1 | . . . . . 1 . . . Feedback Events . | . . . . . . . . . Feedback Blocked . | . . . . . . . . . Robot Schematics Acquired . | . . . . . . . . . Robots Built . | . . . . . . . . . Matter . | . . . . . . . . . Time . | . . . . . . . . . Total Robot Build Rating . | . . . . . . . . . Part Schematics Acquired 6 | . . . . . 2 1 . 3 Parts Built . | . . . . . . . . . Matter . | . . . . . . . . . Time . | . . . . . . . . . Total Part Build Rating . | . . . . . . . . . Parts Repaired 2 | . . . . . 2 . . . Time 70 | . . . . . 70 . . . Parts Recycled . | . . . . . . . . . Recycled Matter . | . . . . . . . . . Retrieved Matter . | . . . . . . . . . Retrieved Components . | . . . . . . . . . Parts Scanalyzed 1 | . . . . . . . . 1 Part Schematics Acquired . | . . . . . . . . . Parts Damaged . | . . . . . . . . . Bothacking | -11 -10 -10 -10 -9 -8 -7 -7 -7 ------------ Run | Scr Mat Min Exi Min Mat Fac Was Fac Used RIF Installer . | . . . . . . . . . Robots Hacked . | . . . . . . . . . Non-combat . | . . . . . . . . . Combat . | . . . . . . . . . Robot Hacks Applied . | . . . . . . . . . Relay Couplers Released . | . . . . . . . . . Robots Rewired . | . . . . . . . . . Allies Hacked . | . . . . . . . . . Hacks Repelled . | . . . . . . . . . Allies | -11 -10 -10 -10 -9 -8 -7 -7 -7 -------- Run | Scr Mat Min Exi Min Mat Fac Was Fac Total Allies 2 | . . . . . . . 1 1 Largest Group 1 | . . . . . . . 1 1 Highest-Rated Group 31 | . . . . . . . 31 26 Highest-Rated Ally 31 | . . . . . . . 31 26 Total Orders . | . . . . . . . . . Ally Attacks 17 | . . . . . . . 17 . Total Damage 298 | . . . . . . . 298 . Kills . | . . . . . . . . . Allies Corrupted . | . . . . . . . . . Allies Melted . | . . . . . . . . . Intel | -11 -10 -10 -10 -9 -8 -7 -7 -7 ------- Run | Scr Mat Min Exi Min Mat Fac Was Fac Robot Analysis Total 1 | . . . . . 1 . . . Derelict Logs Recovered 2 | . . 2 . . . . . . Drone Launches . | . . . . . . . . . Drone Recoveries . | . . . . . . . . . Exploration | -11 -10 -10 -10 -9 -8 -7 -7 -7 ------------- Run | Scr Mat Min Exi Min Mat Fac Was Fac Turns Passed 3246 | 42 31 159 102 134 1491 395 53 839 Spaces Moved 2572 | 49 42 279 254 157 839 256 90 606 Core 461 | 49 42 264 . . . 2 . 104 Treads . | . . . . . . . . . Legs . | . . . . . . . . . Wheels . | . . . . . . . . . Hover . | . . . . . . . . . Flight 2111 | . . 15 254 157 839 254 90 502 Fastest Speed 34 | 50 50 37 37 37 34 37 37 37 Average Speed 66 | 50 50 49 37 37 80 100 40 66 Slowest Speed 250 | 50 50 50 37 37 184 200 120 250 Overloaded Moves . | . . . . . . . . . Propulsion Burnouts . | . . . . . . . . . Robots Hopped 3 | . . . . . . . 2 1 Cave-ins Triggered 1 | . . . . . . . . 1 Exploration Rate (%) 37 | 3 15 63 60 44 53 7 75 19 Regions Visited 8 Branch Regions 3 Pre-discovered Areas . | . . . . . . . . . Known Exits Taken . | . . . . . . . . . Unknown Exits Taken 6 | 1 1 1 1 1 1 . . . Scrap Searched 1 | . . . . 1 . . . . Spaces Dug 45 | . . . . 1 17 3 . 24 Terrain Destroyed 75 | . . . . 1 47 3 . 24 Melee 45 | . . . . 1 17 3 . 24 Projectile . | . . . . . . . . . AOE 30 | . . . . . 30 . . . Terrain Rammed 2 | . . . . . . . . 2 Walls Destroyed . | . . . . . . . . . Machines Disabled . | . . . . . . . . . Actions | -11 -10 -10 -10 -9 -8 -7 -7 -7 --------- Run | Scr Mat Min Exi Min Mat Fac Was Fac Total 3892 | 56 45 292 261 224 1589 365 104 956 Wait 945 | . 1 4 . 57 546 57 13 267 Move 2560 | 48 41 278 253 156 838 256 86 604 Hop 2 | . . . . . . . 1 1 Pick Up 22 | 2 . . 3 1 10 3 1 2 Fast Attach 53 | 2 . 5 2 1 30 7 . 6 Attach 16 | . . . . . 10 1 1 4 Detach 5 | . . . . . 4 . 1 . Swap 10 | . . . . . 8 1 . 1 Drop 46 | . . 2 3 1 28 4 1 7 Fire 24 | 4 3 3 . . 5 . . 9 Melee 206 | . . . . 8 109 36 . 53 Ram 3 | . . . . . 1 . . 2 Kick . | . . . . . . . . . Crush . | . . . . . . . . . Escape Stasis . | . . . . . . . . . Rewire . | . . . . . . . . . Trap . | . . . . . . . . . Miscellaneous . | . . . . . . . . . Route ------- -11/Scrapyard -10/Materials -10/Mines (discovered 2 exits: [*Mat] / *Exi) -10/Exiles -9/Mines -8/Materials -7/Factory -7/Waste -7/Factory (discovered 2 exits: Low x2) History --------- Turn | Location | Event 6 | -11/Scrapyard | Discovered new exit (range 14) 43 | -11/Scrapyard | Entered Materials 71 | -10/Materials | Discovered new exit (range 7) 74 | -10/Materials | Entered Mines 86 | -10/Mines | Discovered new exit (range 10) 87 | -10/Mines | Learned Materials security intel 131 | -10/Mines | Learned Materials stockpile data 204 | -10/Mines | Deemed a non-threat by the Exiles lab entrance 204 | -10/Mines | Discovered new exit (range 5) 233 | -10/Mines | Entered Exiles 249 | -10/Exiles | Met 8R-AWN 255 | -10/Exiles | Met EX-HEX 268 | -10/Exiles | Met EX-BIN 274 | -10/Exiles | Aligned with FarCom system 275 | -10/Exiles | Given EX-Vault access code 284 | -10/Exiles | Opened EX-Vault 289 | -10/Exiles | Found Prototype Storage 289 | -10/Exiles | Identified Superbattery 294 | -10/Exiles | Found Prototype Slashing Weapon 294 | -10/Exiles | Identified Longsword +1 303 | -10/Exiles | Warned to stay clear of 0b10 Research branches 315 | -10/Exiles | Met EX-DEC 331 | -10/Exiles | Discovered new exit (range 14) 335 | -10/Exiles | Left Exiles lab with Longsword +1 335 | -10/Exiles | Entered Mines 438 | -9/Mines | Discovered new exit (range 6) 469 | -9/Mines | Entered Materials 469 | -8/Materials | Evolved 4 slots: Utility x4 525 | -8/Materials | Build established: Scavenger-Mutant 573 | -8/Materials | Repaired Grenade Launcher 631 | -8/Materials | Discovered new exit (range 3) 929 | -8/Materials | Build established: Mutant 1493 | -8/Materials | Repaired Imp. Medium Armor Plating 1669 | -8/Materials | First assault squad dispatched 1766 | -8/Materials | Core integrity fell below 50% 1823 | -8/Materials | Lost 8 parts (1p3n4u) 1960 | -8/Materials | Entered Factory 1960 | -7/Factory | Evolved 2 slots: Utility x2 2108 | -7/Factory | Destroyed 7 combat bots 2182 | -7/Factory | Build established: Hacker-Mutant 2209 | -7/Factory | Lost 4 parts (1n3u) 2322 | -7/Factory | Core integrity fell below 50% 2348 | -7/Factory | Lost 5 parts (1p1n3u) 2355 | -7/Factory | Sucked down chute 2355 | -7/Factory | Entered Waste 2356 | -7/Waste | Met a frightened Derelict 2363 | -7/Waste | Spotted C-40 Crusher 2370 | -7/Waste | EMP discharged 2372 | -7/Waste | Spotted C-40 Crusher 2373 | -7/Waste | Spotted C-40 Crusher 2374 | -7/Waste | Spotted C-40 Crusher 2374 | -7/Waste | Spotted C-40 Crusher 2384 | -7/Waste | Spotted C-40 Crusher 2402 | -7/Waste | Discovered new exit (range 16) 2408 | -7/Waste | Entered Factory 2464 | -7/Factory | Crushed by falling debris 2545 | -7/Factory | Identified exit to Lower Caves 2608 | -7/Factory | Build established: Mutant 3192 | -7/Factory | System corruption reached 10% 3211 | -7/Factory | Core integrity fell below 20% 3247 | -7/Factory | Destroyed self via exploding Fusion Modulator Last Messages --------------- 03201_ R-06 Scavenger collects Core Shielding. 03202_ R-06 Scavenger collects Carbon-fiber Leg. 03202_ U-05 Engineer lays Concrete. 03204_ Longsword +1 destroyed. 03205_ System corrupted: Component data lost. 03205_ R-06 Scavenger collects Imp. Deuterium Engine. 03208_ U-05 Engineer lays Concrete. 03208_ Knocked back. 03209_ Acquired 20 matter. 03213_ U-05 Engineer lays Concrete. 03215_ K-01 Serf cleans the Megafabricator. 03223_ Cld. Particle Cannon destroyed. 03223_ K-01 Serf cleans the Megafabricator. 03224_ Cld. Particle Cannon destroyed. 03231_ Rammed Nuclear Reactor. 03232_ Destabilizing: Core damaged (-7). 03232_ Destabilizing: System corrupted (+2). 03243_ Acquired Imp. EM Pulse Cannon. 03247_ System corrupted: Heat flow error (+153). 03247_ Fusion Modulator explodes. Map ----- +----------------------------------------------------+ | ?????????????????????????????????????????????????? | | ?????????????????????????????????????????????????? | | ?????????????????????????????????????????????????? | | ?????????????????????????????????????????????????? | | ?????????????????????????????????????????????????? | | ?????????????????????????????????????????????????? | | ?????????????????????????????????????????????????? | | ?????????????????????????????????????????????????? | | ?????????????????????????????????????????????????? | | ?????????????????????????????????????????????????? | | ?????????????????????????????????????????????????? | | ?????????????????????????????????????????????????? | | ?????????????????????????????????????????????????? | | ?????????????????????????????????????????????????? | | ?????????????????????????????????????????????????? | | ?????????????????????????????????????????????????? | | ?????????????????????????????????????????????????? | | ?????????????????????????????????????????????????? | | ?????????????????????????????????????????????????? | | ???????????????????????????????????????????????### | | ??????????????????????????????????????????????##"# | | ??????????????????????????????????????????????#" | | ??????????????????????????????????????????????## " | | ???????????????##############??????????????????# " | | ???????????????# ] #??????????????????# " | | ???????????????# @ #??????????????????# | | ???????????????# """ #??????????????????# " | | ???????????????# """ #??????????????????# " | | ???????????????# """ #??????????????????# " | | ???????????????# p #?????????????????## | | ???????????????+ """ """ #?????????????????#" | | ???????????????# """ """ #??##############?## | | ???????????????# """ """ #??# #?## | | ???????????????# l #??# ###"## | | ???????????????# #??# # | | ???????????????# #??# # | | ???????????????########/#####??# # | | ??????????????????????# #??????# + | | ?????????? ?????????# #??????# # | | ?????????? ????????# #??????# # | | ??????????# ?########+##?????# # | | ??????????# ?# ! *#?????# #"##+# | | ??????????# ?# #?????# # = | | ?????????? ## """ """ #?????# # | | ??????????# ## """ """ ###########+######## "" | | ??????????# ## """ """ ## # """" | | ??????????# ## ## # """" | | ??????????# ## !## """ """ """ """ # | | ??????????# ## #? """ """ """ """ # "" | | ??????????# ######/###### """ """ """ """ # """" | +----------------------------------------------------+ Best States ------------- Heat Dissipation 34 Energy Generation 14 Energy Capacity 2125 Matter Stores 300 Matter Capacity 300 Sight Range 16 Terrain Scan Density 10 Additional Mass Support 9 EM Shielding 2 Armor Coverage 675 Melee Speed Boost 50 Evasion (%) 63 Target Analysis 5 Particle Charging 15 Defensive Hacking 20 Item Schematics ----------------- Hacking Suite | -8/Materials | Hacked System Shield | -8/Materials | Hacked Imp. Melee Analysis Suite | -7/Factory | Hacked Airjet | -7/Factory | Extracted Insulated Plating | -7/Factory | Extracted Chainsword | -7/Factory | Extracted Robot Schematics ------------------ None Fabricated ------------ Nothing Alien Tech Used ----------------- None Achievements -------------- None Challenges ------------ None Game ------ Seed DispersionUtilityDissipator Manual? 0 Play Time 00:44:22 Cumulative 95.2 hours Start 2020.10.04 @ 02:21:08 End 2020.10.04 @ 03:04:11 Sessions 1 Manual Loads 0 Difficulty Rogue Special Mode None Game No. 139 Rogue 115 Adventurer 22 Explorer 2 Win Type - Total 1 Types 1/0/0/0/0/0/0/0/0 Lore% 46 Gallery% 51 Achievement% 42 Wizard Run 0 Options --------- ASCII 0 Keyboard 0 Movement Numpad Keybinds 0 Fullscreen 1 Font 14/SmallcapsGlow Map View 84x54 Tactical HUD 1 Map Filters NONE Filters NONE Steam 1 RUN: 8a16edba-5471-4f56-8b44-c2aa2d88ef07